 Dungeon Crawl Stone Soup version 0.17.1-3-g152610e (webtiles) character file.

21918 jacquesderrida the Summoner (level 12, -4/90 HPs)
             Began as a Demonspawn Summoner on Apr 27, 2016.
             Was an Elder of Ashenzari.
             Slain by a sun demon (8 damage)
             ... on level 8 of the Lair of Beasts.
             The game lasted 01:01:48 (9200 turns).

jacquesderrida the Summoner (Demonspawn Summoner)   Turns: 9200, Time: 01:01:48

Health: -4/90      AC:  8    Str: 11    XL:     12   Next: 58%
Magic:  4/22       EV: 23    Int: 25    God:    Ashenzari [****..]
Gold:   898        SH:  0    Dex: 20    Spells: 6 memorised, 7 levels left

rFire  + . .     SeeInvis +     K - +1 halberd (freeze) (curse)
rCold  + . .     Clarity  +     L - +2 leather armour {rF+}
rNeg   . . .     SustAt   .     (shield currently unavailable)
rPois  .         Gourm    .     g - +1 helmet {Int+3} (curse)
rElec  .         Spirit   .     (no cloak)
rCorr  .         Warding  .     (no gloves)
rMut   .         Stasis   .     (no boots)
MR     .....                    v - amulet of clarity
Stlth  +++.......               k - +4 ring of intelligence
                                l - ring of wizardry (curse)

@: agile, very slightly contaminated, not resistant to hostile enchantments,
fairly stealthy
A: hooves 2, rugged brown scales 1, see invisible, berserk 1, cold resistance 1,
powered by pain 1, spit poison 1, rot immunity
a: Spit Poison, Scrying, Renounce Religion


You were on level 8 of the Lair of Beasts.
You worshipped Ashenzari.
Ashenzari was greatly pleased with you.
You were not hungry.

You visited 2 branches of the dungeon, and saw 20 of its levels.

You collected 940 gold pieces.
You spent 42 gold pieces at shops.

Inventory:

Hand Weapons
 e - a +0 glaive
 q - the +3 spear "Joason" {flame, rF+ Dex+7}
   (You found it on level 7 of the Dungeon)

   It has been specially enchanted to burn those struck by it, causing extra
   injury to most foes and up to half again as much damage against particularly
   susceptible opponents.
   It affects your dexterity (+7).
   It protects you from fire.
 K - a cursed +1 halberd of freezing (weapon)
Missiles
 f - a throwing net (quivered)
 I - 6 curare-tipped needles
Armour
 g - a cursed +1 helmet of intelligence (worn)
 L - a +2 leather armour of fire resistance (worn)
 P - a troll hide
Jewellery
 k - a +4 ring of intelligence (right hand)
 l - a cursed ring of wizardry (left hand)
 s - an uncursed ring of protection from fire
 v - an amulet of clarity (around neck)
 E - an uncursed ring of flight
 U - an uncursed ring of ice
 V - an uncursed ring of protection from magic
Wands
 h - a wand of paralysis (0)
 r - a wand of slowing (19)
 u - a wand of digging (8)
 G - a wand of enslavement (11)
 R - a wand of fireball (0)
Scrolls
 b - 2 scrolls of fog
 m - 5 scrolls of recharging
 p - 4 scrolls of enchant weapon
 w - 2 scrolls of remove curse
 x - a scroll of curse jewellery
 y - 2 scrolls of curse armour
 z - a scroll of curse weapon
 B - 2 scrolls of enchant armour
 J - 2 scrolls of amnesia
 M - a scroll of teleportation
 N - 5 scrolls of identify
Potions
 d - 3 potions of invisibility
 i - a potion of cancellation
 j - a potion of brilliance
 n - 2 potions of curing
 t - 2 potions of haste
 A - a potion of cure mutation
 F - a potion of lignification
 H - a potion of might
 S - a potion of flight
 T - a potion of agility
Books
 D - a book of Enchantments

   Spells                             Type                      Level
   a - Cause Fear                     Hexes                        4
   b - Silence                        Hexes/Air                    5
   c - Deflect Missiles               Charms/Air                   6
   d - Haste                          Charms                       6
   e - Discord                        Hexes                        8
Miscellaneous
 o - a phial of floods
Comestibles
 a - 6 meat rations
 c - 6 bread rations
 O - 11 fruits
 Q - 2 beef jerkies


   Skills:
 - Level 6.0 Fighting
   Level 1.1 Long Blades
 + Level 10.1(14.3) Polearms
 + Level 8.2 Dodging
 - Level 1.7 Stealth
 - Level 6.7 Spellcasting
 + Level 13.2 Summonings


You had 7 spell levels left.
You knew the following spells:

 Your Spells              Type           Power        Failure   Level  Hunger
a - Summon Small Mammal   Summ           ####         1%          1    None
b - Summon Ice Beast      Ice/Summ       #####...     3%          4    ###....
c - Call Canine Familiar  Summ           ######..     1%          3    None
d - Summon Guardian Gole  Hex/Summ       #####...     1%          3    None
e - Summon Lightning Spi  Summ/Air       #####...     3%          4    ###....
f - Call Imp              Summ           ######..     1%          2    None


Dungeon Overview and Level Annotations

Branches:
Dungeon (12/15)            Temple (0/1) D:7            Lair (8/8) D:10
 Shoals (0/4) Lair:3          Orc (0/4) D:10
  Snake: Lair:3-6    Spider: Lair:3-6     Slime: Lair:6-8

Altars:
Ashenzari
Cheibriados
Dithmenos
Makhleb
Nemelex Xobeh
Okawaru
Ru
Sif Muna
Vehumet
Yredelemnul
The Shining One

Shops:
D:8 [

Annotations:
D:11 Fannar
Lair:2 Harold
Lair:6 nublet's ghost, journeyman CeIE
Lair:8 swamper, Rupert


Innate Abilities, Weirdness & Mutations

You have hoof-like feet.
You are partially covered in rugged brown scales (AC +1, +3% HP).
You sometimes gain a little power by taking damage.
You are immune to rotting.
You have supernaturally acute eyesight.
You tend to lose your temper in combat.
Your flesh is cold resistant.
You can spit weak poison.


Message History

The sun demon is heavily wounded.
You feel a little less mighty now.
Your ice beast barely misses the sun demon.
The red devil hits you from afar with a trident!
Your ice beast closely misses the sun demon.
The sun demon hits you.
You are engulfed in flames!
You resist.
* * * LOW HITPOINT WARNING * * *
Unknown command.
Unknown command.
Your ice beast hits the sun demon but does no damage. x2
Your ice beast hits the sun demon but does no damage.
The red devil hits your ice beast with a trident!
Your ice beast barely misses the sun demon.
The red devil hits your ice beast with a trident!
The sun demon hits you!!
* * * LOW HITPOINT WARNING * * *
You focus on the pain.
You feel agile all of a sudden.
You are engulfed in flames!
You resist.
You die...

** * *♣...♣♣♣ ♣♣♣♣..♣.♣♣♣♣ *
**♣....♣♣♣...♣♣♣..♣♣♣ , ,
♣.......♣♣♣♣♣..♣♣ ++#####
♣♣♣.♣♣.♣♣♣♣♣♣♣..♣
,.......#########'♣♣♣♣♣♣♣♣♣♣♣♣..
,...8...#........#♣ ♣♣♣♣♣♣♣♣..♣.
, .......'...8Y8..# ♣♣♣♣♣♣♣..♣♣.
*########..8.83..# ♣♣♣♣♣♣♣[♣♣♣♣
,.......#.)48Y8@.# ♣♣♣♣♣♣..♣♣♣♣
,...{...#..8.8...# ♣♣♣...♣♣♣♣
,,.._3...)...8.8..# ♣♣....♣♣♣
.......#..8.8...# ♣♣Y8[♣♣♣
≈≈§≈.....#........# ♣♣♣♣♣♣♣♣
≈≈≈≈≈############# ♣♣♣♣♣♣♣♣
≈≈≈≈≈ ≈≈ ≈ * ##* **


You could see a sun demon, a red devil and 2 friendly ice beasts.

Vanquished Creatures
  4 lindwurms (Lair:7)
  A wizard (Lair:8)
  2 elephants (Lair:2)
  A black mamba (Lair:5)
  6 komodo dragons
  4 spiny frogs
  A red devil (Lair:8)
  A blue devil (Lair:8)
  A polar bear (Lair:6)
  A blink frog (Lair:4)
  11 yaks
  4 hippogriffs
  A basilisk (Lair:8)
  5 wolves
  Menkaure (D:6)
  4 water moccasins
  A necrophage (D:10)
  An ogre (D:10)
  A phantom (D:9)
  2 centaurs (D:11)
  3 crocodiles
  3 giant frogs
  A scorpion (D:9)
  A killer bee (D:7)
  2 wights (D:8)
  An orc priest (D:6)
  A crimson imp (D:8)
  A centaur skeleton (D:11)
  3 hounds
  4 iguanas
  A worker ant (D:6)
  5 orc wizards
  9 sheep
  A hound zombie (D:6)
  10 river rats
  3 adders
  3 shadow imps
  An ooze (D:5)
  A worm (Lair:8)
  5 giant geckos
  16 orcs
  A giant cockroach (D:6)
  4 goblins
  2 hobgoblins
  5 jackals
  2 quokkas
  A ball python (D:4)
  7 bats
  3 giant newts
  A jackal skeleton (D:7)
  A kobold (D:9)
  3 rats (D:3)
158 creatures vanquished.

Vanquished Creatures (collateral kills)
  4 hydras
  A catoblepas (Lair:8)
  A death yak (Lair:5)
  2 hill giants
  A black mamba (Lair:3)
  7 elephants
  3 spiny frogs
  6 komodo dragons
  A fire drake (Lair:7)
  6 blink frogs
  2 two-headed ogres
  2 trolls
  21 yaks
  A wyvern (Lair:4)
  7 hippogriffs
  4 wolves
  A hungry ghost (D:7)
  7 water moccasins
  3 porcupines
  An ice beast (D:7)
  A necrophage (D:5)
  2 ogres
  A phantom (D:10)
  An orc warrior (D:10)
  4 crocodiles
  2 centaurs
  5 giant frogs
  4 killer bees
  A scorpion (D:6)
  2 wights (D:8)
  2 jellies
  2 orc priests
  A centaur zombie (D:11)
  2 giant frog skeletons
  4 crimson imps
  2 hounds
  3 iguanas
  A worker ant (D:9)
  5 orc wizards
  14 sheep
  A hound zombie (D:5)
  Robin (D:4)
  15 river rats
  6 adders
  A shadow imp (D:7)
  An ooze (D:1)
  A worm (D:9)
  3 giant geckos (D:3)
  11 orcs
  12 goblins
  7 hobgoblins
  11 jackals
  8 kobolds
  A ball python (D:3)
  4 bats
  A giant cockroach (D:5)
  2 giant newts
  A jackal zombie (D:6)
  A rat (D:1)
  3 fungi
231 creatures vanquished.

Vanquished Creatures (others)
  A hydra (Lair:3)
  6 yaks
  4 killer bees
  A quasit (D:9)
  14 fungi
  7 plants
33 creatures vanquished.

Grand Total: 422 creatures vanquished

Notes
Turn   | Place    | Note
--------------------------------------------------------------
     0 | D:1      | jacquesderrida the Demonspawn Summoner began the quest for the Orb.
     0 | D:1      | Reached XP level 1. HP: 13/13 MP: 3/3
   194 | D:1      | Gained mutation: You have large cloven feet. [demonic ancestry]
   194 | D:1      | Reached XP level 2. HP: 4/19 MP: 1/5
   350 | D:1      | Learned a level 2 spell: Call Imp
   497 | D:2      | Found a deep blue altar of Sif Muna.
   614 | D:2      | Found a radiant altar of Vehumet.
   614 | D:2      | Found a basalt altar of Yredelemnul.
   724 | D:3      | Reached skill level 5 in Summonings
   724 | D:3      | Gained mutation: You have hoof-like feet. [demonic ancestry]
   724 | D:3      | Reached XP level 3. HP: 11/24 MP: 1/6
   932 | D:4      | Noticed Robin
   966 | D:4      | Killed Robin
  1068 | D:4      | Learned a level 3 spell: Call Canine Familiar
  1292 | D:3      | Found a faded altar to an unknown god.
  1339 | D:3      | Gained mutation: You sometimes gain a little power by taking damage. [demonic ancestry]
  1339 | D:3      | Reached XP level 4. HP: 15/30 MP: 7/7
  1417 | D:5      | Entered Level 5 of the Dungeon
  1520 | D:5      | Noticed a centaur
  1534 | D:5      | Killed a centaur
  1534 | D:5      | Reached skill level 6 in Summonings
  1534 | D:5      | Reached XP level 5. HP: 16/35 MP: 3/8
  1653 | D:5      | Noticed a necrophage
  1666 | D:5      | Killed a necrophage
  1666 | D:5      | Reached skill level 7 in Summonings
  1756 | D:6      | Found a glowing golden altar of the Shining One.
  1767 | D:6      | Noticed Menkaure
  1798 | D:6      | Gained mutation: You are immune to rotting. [demonic ancestry]
  1798 | D:6      | Reached XP level 6. HP: 16/41 MP: 5/9
  1858 | D:6      | Found an iron altar of Okawaru.
  1954 | D:6      | Found a shattered altar of Ashenzari.
  1973 | D:6      | Became a worshipper of Ashenzari the Shackled
  2015 | D:6      | Killed Menkaure
  2153 | D:6      | Reached skill level 8 in Summonings
  2392 | D:6      | Noticed a water moccasin
  2392 | D:6      | Gained mutation: You are partially covered in rugged brown scales (AC +1, +3% HP). [demonic ancestry]
  2392 | D:6      | Reached XP level 7. HP: 35/47 MP: 10/10
  2402 | D:6      | Killed a water moccasin
  2402 | D:6      | Reached skill level 1 in Long Blades
  2458 | D:7      | Found a staircase to the Ecumenical Temple.
  2458 | D:7      | Noticed a hippogriff
  2473 | D:7      | Learned a level 4 spell: Summon Ice Beast
  2486 | D:7      | Killed a hippogriff
  2493 | D:7      | Got the spear "Joason" {flame, rF+ Dex+7}
  2511 | D:6      | Identified the +3 spear "Joason" {flame, rF+ Dex+7} (You found it on level 7 of the Dungeon)
  2974 | D:7      | Reached skill level 1 in Polearms
  3076 | D:7      | Found a sparkling altar of Nemelex Xobeh.
  3137 | D:8      | Got the arbalest "Sawank" {venom, rN+ MP+9 Str-2}
  3143 | D:8      | Identified the +4 arbalest "Sawank" {venom, rN+ MP+9 Str-2} (You found it on level 8 of the Dungeon)
  3240 | D:8      | Reached skill level 9 in Summonings
  3247 | D:8      | Noticed a yak
  3247 | D:8      | Noticed a yak
  3248 | D:8      | Noticed a yak
  3250 | D:8      | Noticed a yak
  3257 | D:8      | Killed a yak
  3257 | D:8      | Reached XP level 8. HP: 53/53 MP: 13/13
  3268 | D:8      | Killed a yak
  3271 | D:8      | Killed a yak
  3302 | D:8      | Killed a yak
  3361 | D:8      | Noticed a tengu conjurer
  3362 | D:8      | Noticed a troll
  3424 | D:7      | Learned a level 3 spell: Summon Guardian Golem
  3489 | D:7      | Noticed a hungry ghost
  3507 | D:7      | Killed a hungry ghost
  3651 | D:8      | Reached skill level 5 in Spellcasting
  3670 | D:8      | Found Sogyutos's Antique Armour Boutique.
  3673 | D:8      | Bought a glowing leather armour for 42 gold pieces
  3748 | D:9      | Learned a level 4 spell: Summon Lightning Spire
  3761 | D:9      | Reached * piety under Ashenzari
  3851 | D:9      | Found a snail-covered altar of Cheibriados.
  3886 | D:9      | Reached XP level 9. HP: 58/58 MP: 16/16
  3899 | D:9      | Reached skill level 10 in Summonings
  3930 | D:9      | Found a basalt altar of Yredelemnul.
  3970 | D:9      | Found a sacrificial altar of Ru.
  4030 | D:9      | Noticed a troll
  4051 | D:9      | Killed a troll
  4051 | D:9      | Reached skill level 5 in Polearms
  4089 | D:9      | Noticed a molten gargoyle
  4170 | D:9      | Found a shadowy altar of Dithmenos.
  4258 | D:10     | Entered Level 10 of the Dungeon
  4277 | D:10     | Noticed a hill giant
  4316 | D:10     | Killed a hill giant
  4361 | D:10     | Found a staircase to the Lair.
  4376 | D:10     | Found a staircase to the Orcish Mines.
  4668 | D:11     | Noticed Fannar
  4824 | D:11     | Reached skill level 1 in Fighting
  4947 | D:11     | Reached XP level 10. HP: 30/66 MP: 17/20
  5187 | D:11     | Noticed a hill giant
  5192 | D:12     | Noticed a four-headed hydra
  5298 | D:11     | Noticed a hill giant
  5314 | D:11     | Killed a hill giant
  5446 | D:11     | Gained mutation: You can spit weak poison. [potion of beneficial mutation]
  5501 | Lair:1   | Entered Level 1 of the Lair of Beasts
  5574 | Lair:1   | Reached skill level 11 in Summonings
  5637 | Lair:1   | Gained mutation: You tend to lose your temper in combat. [potion of mutation]
  5637 | Lair:1   | Gained mutation: Your flesh is cold resistant. [potion of mutation]
  5637 | Lair:1   | Gained mutation: You have supernaturally acute eyesight. [potion of mutation]
  5844 | Lair:1   | Noticed a six-headed hydra
  5855 | Lair:1   | Killed a six-headed hydra
  6113 | Lair:2   | Reached ** piety under Ashenzari
  6113 | Lair:2   | Noticed Harold
  6117 | Lair:2   | Noticed an elephant
  6123 | Lair:2   | Noticed an elephant
  6529 | Lair:2   | Reached XP level 11. HP: 74/80 MP: 13/21
  6531 | Lair:2   | Noticed an elephant
  6531 | Lair:2   | Noticed an elephant
  6531 | Lair:2   | Noticed an elephant
  6533 | Lair:2   | Noticed an elephant
  6543 | Lair:2   | Killed an elephant
  6552 | Lair:2   | Killed an elephant
  6555 | Lair:2   | Killed an elephant
  6555 | Lair:2   | Reached skill level 5 in Dodging
  6572 | Lair:2   | Killed an elephant
  6576 | Lair:2   | Killed an elephant
  6623 | Lair:2   | Killed an elephant
  6623 | Lair:2   | Reached skill level 5 in Fighting
  6817 | Lair:3   | Noticed a six-headed hydra
  7165 | Lair:3   | Found a staircase to the Shoals.
  7240 | Lair:3   | Killed a seven-headed hydra
  7285 | Lair:3   | Reached skill level 12 in Summonings
  7350 | Lair:4   | Reached *** piety under Ashenzari
  7487 | Lair:4   | Identified the cursed +2 mace "Ungiwues" {freeze, rF+}
  7715 | Lair:5   | Noticed a death yak
  7753 | Lair:5   | Killed a death yak
  8086 | Lair:6   | Noticed nublet's ghost (journeyman CeIE)
  8191 | Lair:7   | Noticed a lindwurm
  8195 | Lair:7   | Noticed a lindwurm
  8205 | Lair:7   | Noticed a lindwurm
  8205 | Lair:7   | Noticed a lindwurm
  8206 | Lair:7   | Identified the +8 battleaxe of Duty {chop, Int+3 Dex+3}
  8212 | Lair:7   | Killed a lindwurm
  8212 | Lair:7   | Reached XP level 12. HP: 74/90 MP: 6/22
  8215 | Lair:7   | Killed a lindwurm
  8226 | Lair:7   | Killed a lindwurm
  8232 | Lair:7   | Killed a lindwurm
  8361 | Lair:8   | Entered Level 8 of the Lair of Beasts
  8440 | Lair:7   | Noticed an eight-headed hydra
  8460 | Lair:7   | Killed an eight-headed hydra
  8525 | Lair:8   | Noticed a six-headed hydra
  8536 | Lair:8   | Killed a six-headed hydra
  8581 | Lair:8   | Reached **** piety under Ashenzari
  8732 | Lair:8   | Noticed a catoblepas
  8748 | Lair:8   | Killed a catoblepas
  8760 | Lair:8   | Noticed a dire elephant
  8771 | Lair:8   | Reached skill level 13 in Summonings
  8823 | Lair:8   | Noticed a seven-headed hydra
  8832 | Lair:8   | Noticed a seven-headed hydra
  9023 | Lair:8   | Noticed Rupert
  9087 | Lair:8   | Killed a seven-headed hydra
  9087 | Lair:8   | Reached skill level 10 in Polearms
  9161 | Lair:8   | Found a burning altar of Makhleb.
  9200 | Lair:8   | HP: 4/90 [sun demon (20)]
  9200 | Lair:8   | Slain by a sun demon

Action                   |  1- 3 |  4- 6 |  7- 9 | 10-12 || total
-------------------------+-------+-------+-------+-------++-------
Melee: Unarmed           |     3 |       |       |       ||     3
       Spear             |    53 |    31 |   241 |   131 ||   456
       Falchion          |       |    26 |     4 |       ||    30
       Halberd           |       |       |       |   338 ||   338
 Fire: Hunting sling     |    12 |       |       |       ||    12
 Cast: Summon Small Mamm |    38 |       |       |       ||    38
       Call Imp          |    11 |     8 |     3 |       ||    22
       Call Canine Famil |     3 |    16 |    32 |    34 ||    85
       Summon Ice Beast  |       |       |     4 |   103 ||   107
       Summon Guardian G |       |       |     7 |    11 ||    18
       Summon Lightning  |       |       |     5 |    10 ||    15
Invok: Scrying           |       |       |     1 |     1 ||     2
 Abil: Evoke Flight      |       |       |       |     2 ||     2
Evoke: Wand              |       |     8 |    10 |    14 ||    32
       Phial of floods   |       |       |       |     1 ||     1
       Phantom mirror    |       |       |       |     1 ||     1
  Use: Potion            |     2 |     4 |     3 |     6 ||    15
       Scroll            |     3 |     3 |     4 |    15 ||    25
 Stab: Distracted        |     1 |       |     7 |    14 ||    22
       Sleeping          |     1 |       |     3 |     4 ||     8
       Paralysed         |       |       |     1 |     2 ||     3
  Eat: Chunk             |     3 |     3 |     9 |    25 ||    40
       Beef jerky        |       |     2 |       |     2 ||     4
       Fruit             |       |       |     2 |       ||     2
       Royal jelly       |       |       |     1 |       ||     1
